 Dungeon Crawl Stone Soup version 0.31.0-32-g396128a36d (webtiles) character file.

Game seed: 1097082070844230378

101 gohu the Magician (level 5, 0/35 HPs)
             Began as a Djinni Fire Elementalist on Mar 14, 2024.
             Slain by a cerulean imp
             ... wielding a +1 spear
             ... summoned by Natasha
              (2 damage)
             ... on level 2 of the Dungeon.
             The game lasted 00:01:54 (1078 turns).

gohu the Magician (Djinni Fire Elementalist)        Turns: 1078, Time: 00:01:55

Health: 0/35       AC:  4    Str:  7    XL:     5   Next: 4%
Gold:   53         EV: 12    Int: 19    God:
                   SH:  0    Dex: 13

rFire   + + .        j - +2 trident (heavy)
rCold   x . .        (no shield)
rNeg    . . .        f - +2 robe {Will+}
rPois   ∞            (no helmet)
rElec   .            (no cloak)
rCorr   .            (no gloves)
SInv    .            (boots unavailable)
Will    +....        (no amulet)
Stlth   ++           (no ring)
HPRegen 0.25/turn    (no ring)
MPRegen 0.00/turn

%: infuse magic (-1 HP)
@: flying
A: sickness immunity, fire resistance 2, cold vulnerability 1, float, innate
caster, HP casting, extra vitality 1
a: no special abilities


You were on level 2 of the Dungeon.
You visited 1 branch of the dungeon, and saw 2 of its levels.

You collected 53 gold pieces.

Inventory:

Hand Weapons
 j - a +2 heavy trident (weapon)
Armour
 a - a +0 robe
 f - a +2 robe of willpower (worn)
Scrolls
 b - a scroll of identify {unknown}
 c - a scroll of silence {unknown}
 d - a scroll of fog {unknown}
 e - a scroll of enchant weapon {unknown}
 g - a scroll of fear {unknown}
 h - a scroll of revelation {unknown}
 i - 3 scrolls of teleportation {unknown}


   Skills:
 - Level 2.1 Dodging
 - Level 1.5 Stealth
 * Level 4.6 Spellcasting
 * Level 4.6 Conjurations
 * Level 4.6 Hexes
   Level 0.0 Charms
 * Level 4.6 Summonings
 * Level 4.6 Necromancy
 * Level 4.6 Translocations
   Level 0.0 Transmutations
 * Level 4.6 Fire Magic
 * Level 4.6 Ice Magic
 * Level 4.6 Air Magic
 * Level 4.6 Earth Magic
 * Level 4.6 Alchemy


You knew the following spells:

 Your Spells              Type           Power      Damage    Failure   Level
a - Foxfire               Conj/Fire      88%        2x1d8     1%          1
b - Scorch                Fire           44%        2d6       3%          2
c - Volatile Blastmotes   Fire/Tloc      44%        2d13      6%          3
d - Inner Flame           Hex/Fire       22%        N/A       6%          3
e - Flame Wave            Conj/Fire      22%        2d8       19%         4
f - Kiss of Death         Conj/Necr      88%        2d12      1%          1
g - Static Discharge      Conj/Air       44%        3-5/arc   3%          2
Your spell library was empty.

Dungeon Overview and Level Annotations

Branches:
Dungeon (2/15)

Altars:

Annotations:
D:2 Natasha


Innate Abilities, Weirdness & Mutations

You are immune to sickness and miasma.
You are immune to poison.
Your flesh is very heat resistant. (rF++)
You are vulnerable to cold. (rC-)
You float through the air rather than walking.
You learn spells naturally, not from books.
Your magical power is your life essence.
You have superior vitality. (+4 MHP)


Message History

The cerulean imp is moderately wounded.
The cerulean imp barely misses you.
Casting: Foxfire (safe; 1% risk of failure)
Confirm with . or Enter, or press ? or * to list all spells.
You conjure some foxfire!
The cerulean imp hits you from afar with a +1 spear.
Your magical contamination has completely faded away.
The foxfire hits the cerulean imp but does no damage.
The cerulean imp is moderately wounded.
The foxfire hits Natasha.
Natasha is moderately wounded.
The cerulean imp misses you.
Casting: Foxfire (safe; 1% risk of failure)
Confirm with . or Enter, or press ? or * to list all spells.
You conjure some foxfire!
Natasha barely misses you.
The cerulean imp hits you from afar with a +1 spear.
* * * LOW HITPOINT WARNING * * *
The foxfire hits the cerulean imp but does no damage.
The cerulean imp is moderately wounded.
The foxfire hits Natasha.
Natasha is heavily wounded.
Natasha casts a spell at you. The magic dart hits you!
* * * LOW HITPOINT WARNING * * *
The cerulean imp hits you from afar with a +1 spear.
* * * LOW HITPOINT WARNING * * *
You aren't carrying any potions.
Casting: Foxfire (safe; 1% risk of failure)
Confirm with . or Enter, or press ? or * to list all spells.
You don't have enough health to cast this spell.
Casting: Foxfire (safe; 1% risk of failure)
Confirm with . or Enter, or press ? or * to list all spells.
You don't have enough health to cast this spell.
Casting: Foxfire (safe; 1% risk of failure)
Confirm with . or Enter, or press ? or * to list all spells.
You don't have enough health to cast this spell.
j - a +2 heavy trident (weapon)
Natasha closely misses you.
The cerulean imp hits you from afar with a +1 spear.
You die...

#...... ##.### +.....$
.....†† #...... ###....
#...... #.+.... #......
#.#.... #......######
#.#.... #........#
###......
#...$....####.....### .
#..h@.......+.....'..
..##........####...).###
......5.....# #.....#
..#.........# #.....# #
#....)....# ##.....#
#.##..##### #......#
#.###.#### ##.#.##.#
#........###.......#
##..#...........#..#


You could see Natasha and a cerulean imp (summoned).

Vanquished Creatures
  Natasha (D:2)
  3 gnolls (D:2)
  An adder (D:2)
  A ribbon worm (D:2)
  A ball python (D:1)
  6 endoplasms
  3 goblins (D:1)
  3 hobgoblins
  4 kobolds
  2 quokkas
  4 bats
  2 frilled lizards
  4 rats (D:1)
35 creatures vanquished.

Vanquished Creatures (others)
  134 foxfires
134 creatures vanquished.

Grand Total: 169 creatures vanquished

Notes
Turn   | Place    | Note
-------+----------+-------------------------------------------
     0 | D:1      | gohu the Djinni Fire Elementalist began the quest for the
                  | Orb.
     0 | D:1      | gohu set off with the following spells memorised: Foxfire,
                  | Scorch, Volatile Blastmotes, Inner Flame, Flame Wave.
     0 | D:1      | Reached XP level 1. HP: 15/15 MP: 0/0
   167 | D:1      | Reached XP level 2. HP: 19/21 MP: 0/0
   390 | D:1      | Found a faded altar of an unknown god.
   514 | D:1      | Reached XP level 3. HP: 25/25 MP: 0/0
   514 | D:1      | Learned a level 1 spell: Kiss of Death
   988 | D:2      | Reached XP level 4. HP: 29/31 MP: 0/0
   989 | D:2      | Noticed Natasha
   997 | D:2      | Killed Natasha
  1070 | D:2      | Noticed Natasha
  1072 | D:2      | Reached XP level 5. HP: 17/35 MP: 0/0
  1072 | D:2      | Learned a level 2 spell: Static Discharge
  1077 | D:2      | HP: 1/35 [cerulean imp/+1 spear[Natasha] (1)]
  1078 | D:2      | Slain by a cerulean imp

Illustrated notes

Levels and vault maps discovered:
D:1:      minmay_arrival_semitransparent, layout_basic,
          shapermc_ecumenical_altar_rom_forum
D:2:      layout_basic, minmay_misc_feat_tiny, minivault_11,
          minmay_misc_feat_more_columns, bh_walls_and_bars, uniq_natasha

Skill      XL: |  1  2  3 |
---------------+----------+-----
Spellcasting   | 4 |  4.6
Conjurations   | 4 |  4.6
Hexes          | 4 |  4.6
Summonings     | 4 |  4.6
Necromancy     | 4 |  4.6
Translocations | 4 |  4.6
Fire Magic     | 4 |  4.6
Ice Magic      | 4 |  4.6
Air Magic      | 4 |  4.6
Earth Magic    | 4 |  4.6
Alchemy        | 4 |  4.6
Dodging        | |  2.1
Stealth        | |  1.5

Action                     |  1- 3 |  4- 6 || total
---------------------------+-------+-------++-------
   Cast: Foxfire           |    71 |    10 ||    81
         Scorch            |     1 |     2 ||     3
 Armour: Robe              |     5 |    12 ||    17
  Dodge: Dodged            |     6 |     6 ||    12
